Map: Alcyone LE

Players

ZoRoTheZerG

  • Race: Zerg Zerg
  • League: Master
  • Spawn Location: 7:00

A.I. 1 (Very Easy) - Winner!

  • Race: Terran Terran
  • Spawn Location: 1:00

VOD

Have the link to the VOD?

Description

Time

  • Played on: Oct. 22, 2024, 4:32 p.m.
  • Length: 10:20
Show
View Real Time Build Order
Export as new Build Order

ZoRoTheZerG Zerg 

Build Orders: Hatch First 

Get SALT Encoding   

  12  0:00  Drone  
  13  0:12  Overlord  
  13  0:17  Drone  
  14  0:31  Drone x2  
  16  0:48  Hatchery  
  15  0:51  Drone  
  15  0:54  Drone  
  17  0:57  Drone  
  18  1:07  Extractor  
  17  1:12  Spawning Pool  
  17  1:16  Drone  
  17  1:18  Drone  
  18  1:28  Drone  
  20  1:40  Drone  
  20  1:49  Overlord  
  20  1:59  Queen  
  22  2:01  Queen  
  22  2:02  Zergling x4  
  26  2:11  Drone x2  
  28  2:21  Hatchery  
  27  2:24  Drone  
  27  2:27  Drone  
  29  2:42  Queen  
  29  2:43  Overlord  
  31  2:44  Metabolic Boost  
  31  2:48  Drone  
  31  2:50  Drone  
  33  2:52  Drone  
  33  2:54  Drone  
  33  2:56  Drone  
  36  3:04  Drone  
  36  3:05  Drone  
  38  3:08  Drone  
  38  3:09  Drone x2  
  41  3:14  Overlord  
  41  3:18  Queen  
  43  3:26  Overlord  
  43  3:32  Queen  
  45  3:36  Drone x2  
  45  3:37  Drone x2  
  45  3:39  Queen  
  51  3:42  Extractor  
  51  3:43  Drone  
  51  3:44  Extractor  
  51  3:45  Drone  
  51  3:47  Drone  
  52  3:50  Drone x2  
  52  3:53  Drone x2  
  56  3:57  Drone x2  
  56  3:59  Drone  
  56  4:01  Drone  
  60  4:03  Drone  
  61  4:16  Lair  
  61  4:18  Extractor  
  61  4:20  Drone, Evolution Chamber  
  61  4:21  Drone, Evolution Chamber  
  61  4:23  Drone, Baneling Nest  
  60  4:24  Drone  
  60  4:27  Drone  
  60  4:30  Drone x2  
  64  4:31  Drone  
  64  4:34  Overlord  
  64  4:37  Overlord  
  65  4:39  Drone  
  65  4:42  Overlord  
  66  4:49  Zerg Melee Weapons Level 1  
  66  4:50  Zerg Ground Armor Level 1  
  66  4:54  Drone x2  
  66  4:55  Extractor, Drone  
  66  4:56  Extractor  
  66  4:58  Drone  
  66  4:59  Drone  
  70  5:00  Drone  
  70  5:01  Drone  
  70  5:03  Drone  
  70  5:04  Drone  
  70  5:06  Drone  
  74  5:07  Drone  
  74  5:08  Drone  
  74  5:10  Drone x2  
  78  5:18  Spire  
  78  5:19  Centrifugal Hooks  
  78  5:28  Drone x3  
  78  5:29  Drone  
  81  5:43  Hatchery  
  80  5:52  Overlord x3  
  80  5:53  Overlord x2  
  80  5:57  Zergling x2  
  80  5:58  Zergling x2  
  82  6:32  Zerg Flyer Weapons Level 1  
  82  6:36  Infestation Pit  
  81  6:43  Zerg Melee Weapons Level 2, Zerg Ground Armor Level 2  
  81  6:44  Mutalisk  
  81  6:45  Mutalisk x8  
  99  6:48  Zergling x20  
  99  6:49  Zergling x12  
  99  6:51  Overlord  
  115  6:55  Queen  
  115  6:56  Overlord  
  115  6:58  Overlord x4  
  117  7:03  Baneling x8  
  117  7:05  Zergling x10  
  117  7:07  Zergling x2  
  123  7:14  Zergling x4  
  125  7:17  Zergling x4  
  127  7:24  Hive  
  127  7:25  Drone  
  127  7:26  Drone x6  
  127  7:27  Drone x2  
  127  7:28  Drone  
  137  7:32  Drone x3  
  137  7:34  Drone  
  137  7:36  Drone x2  
  143  7:39  Drone  
  144  7:45  Extractor x2  
  144  7:47  Drone x3  
  144  7:48  Drone  
  146  7:55  Drone x3  
  146  7:56  Drone x2  
  146  7:57  Drone x2, Hatchery  
  146  7:58  Drone x2  
  154  8:08  Overlord x3  
  154  8:10  Hatchery  
  153  8:22  Hatchery  
  153  8:23  Mutalisk x5  
  153  8:24  Mutalisk  
  153  8:26  Mutalisk  
  166  8:28  Mutalisk  
  168  8:35  Adrenal Glands  
  168  8:40  Ultralisk Cavern  
  167  8:47  Extractor  
  166  8:50  Extractor, Drone x3  
  168  9:01  Unknown, Infestor x2  
  171  9:03  Zergling x22  
  171  9:06  Zergling x6  
  185  9:10  Queen  
  185  9:11  Zergling x4  
  185  9:12  Zergling x2  
  190  9:18  Zergling x10  
  190  9:21  Zergling x2  
  190  9:22  Zergling x6  
  199  9:25  Zergling x2  
  200  9:42  Baneling x2  
  200  9:43  Baneling x19  
  200  9:44  Baneling x16  
Show
View Real Time Build Order
Export as new Build Order

A.I. 1 (Very Easy) Terran - Winner!

Build Orders: Reaper Expand 

Get SALT Encoding   

  12  0:00  SCV  
  13  0:13  SCV  
  14  0:19  Supply Depot  
  14  0:43  Barracks  
  14  1:03  Command Center  
  14  1:29  Supply Depot  
  14  1:30  Orbital Command  
  14  1:31  Marine  
  15  1:35  Refinery  
  15  1:47  Refinery  
  15  1:55  SCV  
  16  2:08  SCV  
  17  2:16  Reaper  
  17  2:20  SCV  
  17  2:21  SCV  
  20  2:32  SCV  
  20  2:35  SCV  
  23  2:44  SCV  
  23  2:46  Refinery  
  23  2:50  SCV  
  24  2:57  SCV  
  25  3:04  SCV  
  25  3:05  Marine  
  27  3:11  SCV  
  28  3:17  Factory  
  28  3:18  SCV  
  29  3:39  Refinery  
  29  3:41  SCV  
  30  3:48  SCV  
  31  3:52  Supply Depot  
  31  3:54  Marine  
  31  3:55  SCV  
  32  4:03  SCV  
  32  4:04  Starport  
  33  4:10  SCV  
  33  4:13  Barracks Tech Lab  
  34  4:17  SCV  
  35  4:24  SCV  
  36  4:31  SCV  
  36  4:34  Supply Depot  
  37  4:39  SCV  
  37  4:43  Starport Tech Lab  
  37  4:44  Marauder  
  40  4:46  SCV  
  41  4:53  SCV  
  42  5:00  SCV  
  42  5:03  Raven  
  45  5:07  SCV  
  46  5:15  SCV  
  47  5:22  SCV  
  48  5:33  Marine  
  49  5:37  Raven  
  49  5:39  SCV  
  51  6:22  Marine  
  52  7:12  Marauder  
  54  7:53  SCV  
Tags
 
Add a new tag
Caveats
  • Supply blocks, unpowered buildings, or Contaminate may cause inaccurate times.
  • Supply counts are checked every 10 seconds.